 Dungeon Crawl Stone Soup version 0.20.1-1-g8b1a95d (webtiles) character file.

91 Knicklaso the Skirmisher (level 4, 0/45 HPs)
             Began as an Ogre Warper on July 23, 2017.
             Slain by an adder (2 damage)
             ... on level 2 of the Dungeon.
             The game lasted 00:14:22 (2952 turns).

Knicklaso the Skirmisher (Ogre Warper)              Turns: 2952, Time: 00:14:22

Health: 0/45       AC:  3    Str: 16    XL:     4   Next: 57%
Magic:  6/8        EV: 10    Int: 14    God:
Gold:   60         SH:  0    Dex:  8    Spells: 5/9 levels left

rFire    . . .     SeeInvis .   t - -3 whip (curse)
rCold    . . .     Gourm    .   (no shield)
rNeg     . . .     Faith    .   b - +0 robe
rPois    .         Spirit   .   (helmet restricted)
rElec    .         Reflect  .   (no cloak)
rCorr    .         Harm     .   (gloves unavailable)
MR       .....                  (boots unavailable)
Stlth    +.........             (no amulet)
Regen    0.2/turn               (no ring)
MPRegen  0.2/turn               (no ring)

@: lethally poisoned (0 -> -1)
A: unfitting armour, tough skin 1
a: no special abilities


You were on level 2 of the Dungeon.
You were hungry.

You visited 1 branch of the dungeon, and saw 4 of its levels.

You collected 60 gold pieces.

Inventory:

Hand Weapons
 a - a +0 mace
 l - a +0 mace of draining
 t - a cursed -3 whip (weapon)
Missiles
 e - 5 tomahawks of dispersal
 p - 4 javelins (quivered)
Armour
 b - a +0 robe (worn)
 o - a +0 large shield
Scrolls
 d - a scroll of blinking
 g - 2 scrolls of identify
Potions
 j - a potion of berserk rage
 n - a potion of degeneration {unknown}
 q - a potion of resistance {unknown}
 r - a potion of mutation {unknown}
 s - 2 potions of heal wounds {unknown}
Books
 c - a book of Spatial Translocations

   Spells                             Type                      Level
   a - Blink                          Translocation                2
   b - Shroud of Golubria             Charms/Translocation         2
   c - Lesser Beckoning               Translocation                3
   d - Gell's Gravitas                Translocation                3
   e - Teleport Other                 Translocation                3
   f - Passage of Golubria            Translocation                4
 m - Vehumet's Incunabulum of Confrontation
   (You found it on level 2 of the Dungeon)

   Spells                             Type                      Level
   a - Magic Dart                     Conjuration                  1
Comestibles
 f - a bread ration
 k - 2 fruits


   Skills:
 + Level 3.5 Fighting
 * Level 2.5 Maces & Flails
 + Level 1.6 Throwing
 + Level 2.8 Dodging
 + Level 3.2 Spellcasting
 - Level 2.6 Translocations


You had 5 spell levels left.
You knew the following spells:

 Your Spells              Type           Power        Failure   Level  Hunger
a - Shroud of Golubria    Chrm/Tloc      #.........   19%         2    ##.....
b - Blink                 Tloc           N/A          11%         2    ##.....


Dungeon Overview and Level Annotations

Branches:
Dungeon (4/15)
 Temple: D:4-7

Altars:
Elyvilon
Fedhas
Kikubaaqudgha
Sif Muna
Vehumet
Zin

Shops:
D:2 *


Innate Abilities, Weirdness & Mutations

You are too large for most types of armour.
You have tough skin. (AC +1)


Message History

You closely miss the adder.
You feel sick. The adder bites you.
* * * LOW HITPOINT WARNING * * *
Your shroud falls apart!
You closely miss the adder. The adder bites you.
* * * LOW HITPOINT WARNING * * *
You hit the adder but do no damage. The adder completely misses you.
The adder bites you.
* * * LOW HITPOINT WARNING * * *
You hit the adder.
The adder is moderately wounded.
The adder bites you.
* * * LOW HITPOINT WARNING * * *
You miss the adder.
The adder is lightly wounded.
* * * LOW HITPOINT WARNING * * *
You feel sick. The adder bites you but does no damage.
You closely miss the adder.
The adder is lightly wounded.
The adder bites you.
You die...

......# #.##..#.#
......# #.....#.#
......############.##.#
......'............#..#
......##############.##
.#....# #....# ####.#
.#....# #.##.# #....#
.#....###.##.####.####
.+.............S@.#
.#....###.#######.#
.#........##....#.#
.#....######.##.#.#
.#....######.##.#.#
.#........<...#.#.#
.#.........#..#.#.#
.#.........#..#.#.#
.#.........#..#.#.#


You could see an adder.

Vanquished Creatures
  2 adders (D:2)
  2 worms (D:2)
  A dart slug (D:2)
  2 leopard geckos (D:2)
  A ball python (D:2)
  10 bats
  2 giant cockroaches
  7 goblins
  7 hobgoblins
  2 jackals
  9 kobolds
  3 quokkas
  8 frilled lizards
  3 rats (D:1)
59 creatures vanquished.

Notes
Turn   | Place    | Note
-------+----------+-------------------------------------------
     0 | D:1      | Knicklaso the Ogre Warper began the quest for the Orb.
     0 | D:1      | Reached XP level 1. HP: 22/22 MP: 3/3
   408 | D:1      | Reached XP level 2. HP: 18/29 MP: 5/5
  1147 | D:1      | Reached XP level 3. HP: 36/37 MP: 7/7
  1400 | D:2      | Found a radiant altar of Vehumet.
  1538 | D:2      | Identified Vehumet's Incunabulum of Confrontation
  1541 | D:2      | Found an ancient bone altar of Kikubaaqudgha.
  1542 | D:2      | Found a deep blue altar of Sif Muna.
  1764 | D:2      | Reached XP level 4. HP: 35/45 MP: 8/8
  2074 | D:2      | Found Zin's Purification Station.
  2074 | D:2      | Found a glowing silver altar of Zin.
  2202 | D:2      | Learned a level 2 spell: Shroud of Golubria
  2205 | D:2      | Learned a level 2 spell: Blink
  2671 | D:3      | Found a white marble altar of Elyvilon.
  2882 | D:4      | Found a blossoming altar of Fedhas.
  2886 | D:4      | Noticed a centaur
  2950 | D:2      | HP: 2/45 [adder (2)]
  2952 | D:2      | Slain by an adder

Skill      XL: |  1  2  3 |
---------------+----------+-----
Fighting       | 3 |  3.5
Maces & Flails | 2 |  2.5
Spellcasting   | 3 |  3.2
Throwing       | |  1.6
Dodging        | |  2.8
Translocations | |  2.6

Action                   |  1- 3 |  4- 6 || total
-------------------------+-------+-------++-------
Melee: Mace              |   169 |    38 ||   207
       Whip              |       |    75 ||    75
Throw: Javelin           |    17 |     1 ||    18
 Cast: Shroud of Golubri |       |    10 ||    10
  Use: Scroll            |       |     2 ||     2
  Eat: Chunk             |     2 |     5 ||     7
Armor: Robe              |    79 |    26 ||   105
Dodge: Dodged            |   138 |    71 ||   209
